 Dungeon Crawl Stone Soup version 0.14.0-6-g1bc2dff (webtiles) character file.

414 Ragg the Ducker (level 6, -1/59 HPs)
             Began as a Troll Enchanter on Apr 12, 2014.
             Slain by Prince Ribbit (10 damage)
             ... on Level 5 of the Dungeon.
             The game lasted 00:08:37 (3191 turns).

Ragg the Ducker (Troll Enchanter)                   Turns: 3191, Time: 00:08:38

HP  -1/59        AC  7     Str 17      XL: 6   Next: 11%
MP   5/5         EV 11     Int 11      God:
Gold 121         SH  0     Dex 12      Spells:  1 memorised,  6 levels left

rFire  . . .     SeeInvis +       - Unarmed
rCold  . . .     Clarity  .     b - +1 robe
rNeg   . . .     Conserve .     (shield restricted)
rPois  .         rCorr    .     (helmet restricted)
rElec  .         rRot     .     w - +0 cloak
SustAb . .       Spirit   .     (gloves unavailable)
rMut   .         Warding  .     (boots unavailable)
Gourm  +         Stasis   .     (no amulet)
MR     .....                    (no ring)
                                h - ring of see invisible {unknown}

@: not resistant to hostile enchantments, unstealthy
A: unfitting armour, claws 3, fast metabolism 3, gourmand, regeneration 2,
saprovore 2, shaggy fur 1, tough skin 2
a: no special abilities


You were on level 5 of the Dungeon.
You were very full.

You visited 2 branches of the dungeon, and saw 6 of its levels.

You collected 121 gold pieces.

Inventory:

Missiles
 d - 12 darts (quivered)
Armour
 b - a +1 robe (worn)
 w - a +0 cloak (worn)
Magical devices
 x - a wand of enslavement (10)
 A - a wand of teleportation (2)
 E - a wand of lightning (5)
Comestibles
 f - 2 meat rations
 p - 3 bread rations
Scrolls
 a - 4 scrolls of identify {unknown}
 e - a scroll of fog {unknown}
 g - 3 scrolls of immolation {unknown}
 i - 3 scrolls of noise {unknown}
 k - a scroll of enchant weapon I {unknown}
 m - 2 scrolls of teleportation {unknown}
 q - 3 scrolls of blinking {unknown}
 r - a scroll of enchant armour {unknown}
 s - a scroll of remove curse {unknown}
 u - a scroll of enchant weapon II {unknown}
 v - a scroll of recharging {unknown}
 y - 2 scrolls of fear {unknown}
Jewellery
 h - a ring of see invisible (left claw) {unknown}
Potions
 j - a potion of resistance {unknown}
 l - a potion of might {unknown}
 n - a potion of brilliance {unknown}
 o - 2 potions of curing {unknown}
 t - a potion of magic {unknown}
 z - a potion of flight {unknown}
Books
 c - a book of Maledictions

   Spells                             Type                      Level
   *Corona                            Hexes                        1
   Sure Blade                         Hexes/Charms                 2
   Ensorcelled Hibernation            Hexes/Ice                    2
   Confuse                            Hexes                        3
   Enslavement                        Hexes                        4
   Invisibility                       Hexes                        6


   Skills:
 + Level 2.5 Fighting
   Level 0.8 Maces & Flails
 - Level 0.8 Throwing
 + Level 3.5 Dodging
 - Level 1.1 Stealth
 + Level 3.1 Unarmed Combat
 - Level 1.2 Spellcasting
 - Level 2.0 Hexes


You had 6 spell levels left.
You knew the following spells:

 Your Spells              Type           Power        Failure   Level  Hunger
a - Corona                Hex            #......      17%         1    ##.....


Dungeon Overview and Level Annotations

Branches:
Dungeon (5/15)             Temple (1/1) D:5

Altars:
Cheibriados
Dithmenos
Elyvilon
Fedhas
Nemelex Xobeh
Okawaru
Sif Muna
Vehumet
Yredelemnul
The Shining One

Shops:
D:4 (

Annotations:
D:5 Prince Ribbit


Innate Abilities, Weirdness & Mutations

You are too large for most types of armour.
You have claws for hands.
Your metabolism is lightning-fast.
You like to eat raw meat.
You heal very quickly.
You can eat rotten meat.
You are covered in fur (AC +1).
You have very tough skin (AC +2).


Message History

You are too injured to fight recklessly!
You are too injured to fight recklessly!
Number of times to repeat, then command key: You must enter the number of times for the command to repeat.
Prince Ribbit hits you!
* * * LOW HITPOINT WARNING * * *
There is a stone staircase leading up here.
You hit Prince Ribbit.
Prince Ribbit is severely wounded.
Prince Ribbit completely misses you.
Prince Ribbit hits you but does no damage.
You hit Prince Ribbit.
Prince Ribbit is severely wounded.
Prince Ribbit mumbles some strange words.
Prince Ribbit looks slightly unstable.
Prince Ribbit momentarily phases out as your attack passes through him.
Prince Ribbit is almost dead.
Prince Ribbit croaks regally.
Prince Ribbit hits you!
You die...

#### #### ...
...# #.###..#
##. #......#
l....##..%..#
........%>..#
.....##.P...# #
#..F.P#####
#...@.....#
#....(....###.#
####.#.###
#.#.# #....
#...# <...
....# .


You could see Prince Ribbit (bleeding).

Vanquished Creatures
  A hound (D:4)
  An orc priest (D:4)
  7 gnolls
  6 adders
  3 worms
  6 giant geckos
  An ooze (D:3)
  5 orcs
  12 bats
  3 giant cockroaches (D:1)
  8 goblins
  9 hobgoblins
  2 quokkas
  2 ball pythons (D:2)
  3 giant newts
  9 kobolds
  10 rats
88 creatures vanquished.

Notes
Turn   | Place    | Note
--------------------------------------------------------------
     0 | D:1      | Ragg, the Troll Enchanter, began the quest for the Orb.
     0 | D:1      | Reached XP level 1. HP: 16/16 MP: 2/2
   133 | D:1      | Reached XP level 2. HP: 24/26 MP: 2/2
   157 | D:1      | Reached skill level 1 in Unarmed Combat
   588 | D:1      | Reached skill level 1 in Fighting
   588 | D:1      | Reached XP level 3. HP: 25/33 MP: 3/3
  1643 | D:2      | Found an iron altar of Okawaru.
  1670 | D:2      | Reached XP level 4. HP: 36/41 MP: 4/4
  1993 | D:3      | Reached skill level 3 in Dodging
  2053 | D:3      | Reached XP level 5. HP: 49/49 MP: 4/4
  2372 | D:4      | Found Awuudyomycs' Weapon Emporium.
  2677 | D:4      | Reached XP level 6. HP: 7/59 MP: 5/5
  3125 | D:5      | Entered Level 5 of the Dungeon
  3125 | D:5      | Found a staircase to the Ecumenical Temple.
  3125 | D:5      | Noticed Prince Ribbit
  3131 | Temple   | Entered the Ecumenical Temple
  3191 | D:5      | Slain by Prince Ribbit

Action                   |  1- 3 |  4- 6 || total
-------------------------+-------+-------++-------
Melee: Unarmed           |   108 |   175 ||   283
Evoke: Wand              |       |     4 ||     4
 Stab: Sleeping          |       |     2 ||     2
